 Dungeon Crawl Stone Soup version 0.19.1-1-g22dce08 (webtiles) character file.

98 MovingMist the Unweaver (level 4, 0/35 HPs)
             Began as a Demonspawn Abyssal Knight on Jan 18, 2017.
             Was a Follower of Lugonu.
             Slain by a gnoll
             ... wielding a +0 flail
              (9 damage)
             ... on level 3 of the Dungeon.
             The game lasted 00:04:18 (2136 turns).

MovingMist the Unweaver (Demonspawn Abyssal Knight) Turns: 2136, Time: 00:04:18

Health: 0/35       AC:  7    Str: 12    XL:     4   Next: 43%
Magic:  7/7        EV: 10    Int: 13    God:    Lugonu [*.....]
Gold:   179        SH:  0    Dex: 14    Spells: 0 memorised, 3 levels left

rFire  . . .     SeeInvis .     a - +1 hand axe
rCold  . . .     Gourm    .     h - +0 ring mail
rNeg   . . .     Faith    .     (no shield)
rPois  .         Spirit   .     (no helmet)
rElec  .         Reflect  .     n - +0 cloak
rCorr  .         Harm     .     l - +0 pair of gloves
MR     .....                    (no boots)
Stlth  +.........               (no amulet)
                                (no ring)
                                (no ring)

@: no status effects
A: talons 1, demonic guardian 1
a: Depart the Abyss, Renounce Religion


You were on level 3 of the Dungeon.
You worshipped Lugonu.
Lugonu was aware of your devotion.
You were not hungry.

You visited 1 branch of the dungeon, and saw 3 of its levels.
You visited the Abyss 1 time.

You collected 179 gold pieces.

Inventory:

Hand Weapons
 a - a +1 hand axe (weapon)
Armour
 h - a +0 ring mail (worn)
 l - a +0 pair of gloves (worn)
 n - a +0 cloak (worn)
Scrolls
 b - a scroll of recharging {unknown}
 d - a scroll of teleportation {unknown}
 g - a scroll of immolation {unknown}
 p - a scroll of remove curse {unknown}
 q - a scroll of random uselessness {unknown}
 r - 2 scrolls of identify {unknown}
 t - a scroll of amnesia {unknown}
Potions
 e - a potion of might {unknown}
 k - a potion of berserk rage {unknown}
 m - 2 potions of curing {unknown}
 o - a potion of agility {unknown}
Comestibles
 c - 3 bread rations
 f - a slice of pizza
 i - a beef jerky
 j - 2 chunks of flesh
 s - a royal jelly


   Skills:
 + Level 3.5 Fighting
 + Level 2.6 Axes
 - Level 1.7 Armour
 + Level 1.4 Dodging
 * Level 4.4 Invocations


You had 3 spell levels left.
You didn't know any spells.

Dungeon Overview and Level Annotations

Branches:
Dungeon (3/15)

Altars:


Innate Abilities, Weirdness & Mutations

You have sharp toenails.
A weak demonic guardian rushes to your aid.


Message History

The gnoll is heavily wounded.
You hit the gnoll but do no damage. The gnoll closely misses you.
The gnoll hits you but does no damage.
You closely miss the gnoll.
The gnoll is heavily wounded.
You hit the gnoll but do no damage. The gnoll hits you with a flail.
The gnoll hits you.
You barely miss the gnoll. You claw the gnoll, but do no damage.
The gnoll is heavily wounded.
You hit the gnoll. The gnoll hits you with a flail.
The gnoll barely misses you.
You hit the gnoll.
You kill the gnoll!
Lugonu accepts your kill.
You hit the gnoll. The gnoll hits you with a flail!
* * * LOW HITPOINT WARNING * * *
You hit the gnoll.
The gnoll is severely wounded.
The gnoll hits you with a flail!
You die...

##. ####..... ..
#......#
#.##.?....#
#..+......#
..##..#......#
..'...#†g....#####
#..).#.........
######g########
#@# #.# #.#
#####.# #...#.#
#.#.#.# #.#.#.#
#.#.#.# #.#.#.#


You could see a gnoll and a goblin.

Vanquished Creatures
  3 adders (D:2)
  2 gnolls (D:3)
  An ooze (D:2)
  2 dart slugs (D:1)
  2 leopard geckos (D:2)
  4 bats
  5 giant cockroaches
  2 hobgoblins (D:1)
  5 jackals
  3 kobolds
  A quokka (D:2)
  5 frilled lizards (D:1)
  2 goblins (D:1)
  7 rats
44 creatures vanquished.

Vanquished Creatures (others)
  A bat (D:1)
1 creature vanquished.

Grand Total: 45 creatures vanquished

Notes
Turn   | Place    | Note
-------+----------+-------------------------------------------
     0 | Abyss:1  | MovingMist the Demonspawn Abyssal Knight began the quest for the Orb.
     0 | Abyss:1  | Reached XP level 1. HP: 18/18 MP: 2/2
    44 | Abyss:1  | Noticed a great orb of eyes
    46 | D:1      | Escaped the Abyss
   129 | D:1      | Reached skill level 1 in Dodging
   425 | D:1      | Gained mutation: You have sharp toenails. [demonic ancestry]
   425 | D:1      | Reached XP level 2. HP: 15/24 MP: 4/4
   466 | D:1      | Reached skill level 3 in Invocations
   690 | D:1      | Reached * piety under Lugonu
  1162 | D:2      | Reached XP level 3. HP: 25/29 MP: 5/5
  1571 | D:2      | Reached skill level 4 in Invocations
  2059 | D:2      | Gained mutation: A weak demonic guardian rushes to your aid. [demonic ancestry]
  2059 | D:2      | Reached XP level 4. HP: 34/35 MP: 7/7
  2136 | D:3      | Slain by a gnoll

Skill      XL: |  1  2  3 |
---------------+----------+-----
Axes           | 2 |  2.6
Dodging        | 1 |  1.4
Invocations    | 3 4 |  4.4
Fighting       | |  3.5
Armour         | |  1.7

Action                   |  1- 3 |  4- 6 || total
-------------------------+-------+-------++-------
Melee: Hand axe          |   142 |    17 ||   159
       Kick              |    24 |     2 ||    26
Invok: Depart the Abyss  |     1 |       ||     1
  Eat: Chunk             |     4 |       ||     4
Armor: Leather armour    |     5 |       ||     5
       Ring mail         |    56 |     5 ||    61
Dodge: Dodged            |    98 |    12 ||   110
